[Event "RJCC Easter Advanced RR"]
[Site "Twickenham ENG"]
[Date "2025.04.14"]
[Round "1.1"]
[White "Liu, Anbo"]
[Black "Bunbich, Iaroslav"]
[Result "1-0"]
[EventDate "2025.04.14"]
[TimeControl "1500+10"]
[WhiteFideId "343425089"]
[BlackFideId "343416322"]
[WhiteElo "1436"]
[BlackElo "1358"]
[ECO "A01"]
[Opening "Nimzo-Larsen Attack"]
[PlyCount "51"]

1. b3 e6 2. Bb2 d5 3. e3 c5 4. f4 Nc6 5. Bb5 Nf6 6. Nf3 Bd7 7. O-O Be7 8. d3 O-O 9. Nbd2 Qb6 10. Bxc6 Bxc6 11. Ne5 a5 12. a4 Nd7 13. Ndf3 Nxe5 14. Nxe5 Bf6 15. Qg4 Kh8 16. Rf3 Qc7 17. Rh3 Qe7 18. Qh5 h6 19. g4 Bxe5 20. Bxe5 f6 21. Bb2 Be8 22. Qh4 Qf7 23. g5 h5 24. Rg3 fxg5 25. Qxg5 Rg8 26. Qh6# 1-0

[Event "RJCC Easter Advanced RR"]
[Site "Twickenham ENG"]
[Date "2025.04.14"]
[Round "1.2"]
[White "Mursalimov, Timur"]
[Black "Pasli, Bulut"]
[Result "1-0"]
[EventDate "2025.04.14"]
[TimeControl "1500+10"]
[BlackFideId "343439144"]
[WhiteElo "985"]
[BlackElo "1099"]
[ECO "C54"]
[Opening "Italian Game"]
[PlyCount "79"]

1. e4 e5 2. Nf3 Nc6 3. Bc4 Nf6 4. d3 Bc5 5. c3 d6 6. O-O O-O 7. d4 exd4 8. cxd4 Bb6 9. Nc3 Bg4 10. Be3 Bxf3 11. Qxf3 Nxd4 12. Bxd4 Bxd4 13. Rad1 Bc5 14. e5 Nd7 15. exd6 cxd6 16. Qxb7 Qf6 17. Qxd7 Qh4 18. Nb5 Qxc4 19. Nxd6 Bxd6 20. Qxd6 Rad8 21. Qa3 Rxd1 22. Rxd1 Re8 23. g3 Qc7 24. Qa4 Rf8 25. Rd7 Qc1+ 26. Kg2 Qxb2 27. Qxa7 h6 28. Qa5 Qb8 29. a4 Qe8 30. Qb5 Qa8+ 31. Kh3 Qc8 32. g4 Qc3+ 33. Rd3 Qc8 34. a5 Qc7 35. a6 Ra8 36. Qb7 Qc8 37. Qxc8+ Rxc8 38. a7 Ra8 39. Rd7 Kf8 40. Rb7 1-0

[Event "RJCC Easter Advanced RR"]
[Site "Twickenham ENG"]
[Date "2025.04.14"]
[Round "1.3"]
[White "Gampa, Dyuthi Sri"]
[Black "Raj Konwar, Daryan"]
[Result "1-0"]
[EventDate "2025.04.14"]
[TimeControl "1500+10"]
[WhiteFideId "343460780"]
[BlackFideId "497150"]
[WhiteElo "956"]
[BlackElo "1024"]
[ECO "B50"]
[Opening "Sicilian Defense: Delayed Alapin Variation"]
[PlyCount "47"]

1. e4 c5 2. Nf3 d6 3. c3 Nc6 4. d4 Nf6 5. d5 Ne5 6. Nxe5 dxe5 7. Bd3 e6 8. c4 Be7 9. O-O Qb6 10. b3 O-O 11. Be3 Rd8 12. Nc3 exd5 13. exd5 Ng4 14. Na4 Qc7 15. h3 Nxe3 16. fxe3 Bf6 17. Nc3 a6 18. Ne4 Be7 19. d6 Bxd6 20. Nxd6 Qxd6 21. Qh5 Qxd3 22. Qxf7+ Kh8 23. Qf8+ Rxf8 24. Rxf8# 1-0

[Event "RJCC Easter Advanced RR"]
[Site "Twickenham ENG"]
[Date "2025.04.14"]
[Round "2.1"]
[White "Bunbich, Iaroslav"]
[Black "Liu, Anbo"]
[Result "1-0"]
[EventDate "2025.04.14"]
[TimeControl "1500+10"]
[WhiteFideId "343416322"]
[BlackFideId "343425089"]
[WhiteElo "1358"]
[BlackElo "1436"]
[ECO "D60"]
[Opening "Queen's Gambit Declined"]
[PlyCount "29"]

1. d4 e6 2. Nf3 Nf6 3. Bg5 Be7 4. c4 d5 5. Nc3 Nbd7 6. e3 O-O 7. Bd3 dxc4 8. Bxc4 Bb4 9. Qb3 Bxc3+ 10. bxc3 c5 11. O-O Qc7 12. Bf4 Qa5 13. Bb5 Ne4 14. Rac1 b6 15. Bc6 1-0

[Event "RJCC Easter Advanced RR"]
[Site "Twickenham ENG"]
[Date "2025.04.14"]
[Round "2.2"]
[White "Pasli, Bulut"]
[Black "Mursalimov, Timur"]
[Result "0-1"]
[EventDate "2025.04.14"]
[TimeControl "1500+10"]
[WhiteFideId "343439144"]
[WhiteElo "1099"]
[BlackElo "985"]
[ECO "C34"]
[Opening "King's Gambit Accepted"]
[PlyCount "56"]

1. e4 e5 2. f4 exf4 3. Nf3 Nf6 4. Nc3 Bc5 5. Bc4 Bb4 6. O-O O-O 7. d3 Bc5+ 8. d4 Bb4 9. Bd3 Re8 10. Re1 d5 11. exd5 Rxe1+ 12. Qxe1 Nxd5 13. Bd2 Nxc3 14. bxc3 Bd6 15. Qe4 c5 16. Qxh7+ Kf8 17. Qh8+ Ke7 18. Qxg7 Nc6 19. Qg5+ Ke8 20. Re1+ Be6 21. Qf5 Ne7 22. Qf6 Bxa2 23. Bxf4 Bxf4 24. Qxf4 cxd4 25. Nxd4 Rc8 26. Nf5 Rc7 27. Nd6+ Kf8 28. Qxf7+ Bxf7 1-0

[Event "RJCC Easter Advanced RR"]
[Site "Twickenham ENG"]
[Date "2025.04.14"]
[Round "2.3"]
[White "Raj Konwar, Daryan"]
[Black "Gampa, Dyuthi Sri"]
[Result "1-0"]
[EventDate "2025.04.14"]
[TimeControl "1500+10"]
[WhiteFideId "497150"]
[BlackFideId "343460780"]
[WhiteElo "1024"]
[BlackElo "956"]
[ECO "C44"]
[Opening "Ponziani Opening"]
[PlyCount "125"]

1. e4 e5 2. Nf3 Nc6 3. c3 Nf6 4. Qc2 Bc5 5. d3 Ng4 6. d4 exd4 7. h3 d3 8. Qxd3 Nxf2 9. Qc4 Nxh1 10. Qxc5 Ng3 11. Bf4 Nxe4 12. Qd5 Nf6 13. Qd2 O-O 14. Bd3 Re8+ 15. Kf1 d5 16. Na3 d4 17. Nb5 dxc3 18. bxc3 a6 19. Nxc7 Be6 20. Nxe8 Qxe8 21. Qc2 g6 22. Bg5 Nd7 23. Re1 Nc5 24. Be2 Qd7 25. Rd1 Qc7 26. Nd4 Nxd4 27. cxd4 Bf5 28. Qxc5 Qh2 29. Qe5 Qxe5 30. dxe5 Re8 31. Bf6 h5 32. Bc4 Rc8 33. Bb3 Rf8 34. Rc1 Bd3+ 35. Kg1 Bf5 36. Rc7 b5 37. Be7 Re8 38. Bg5 Be6 39. Re7 Rxe7 40. Bxe7 Bxb3 41. axb3 Kg7 42. Kf2 Kh6 43. Ke3 Kh7 44. Kd4 Kh6 45. Kc5 g5 46. Kd5 Kg6 47. Ke4 h4 48. Bf6 Kh5 49. Kf5 a5 50. Bxg5 a4 51. Bc1 axb3 52. Kf6 b2 53. Bxb2 Kh6 54. Kxf7 Kg5 55. e6 Kf4 56. e7 Kg3 57. Be5+ Kxg2 58. e8=Q Kxh3 59. Qe6+ Kg2 60. Qb3 h3 61. Qe3 Kf1 62. Bg3 h2 63. Qf2# 1-0

[Event "RJCC Easter Advanced RR"]
[Site "Twickenham ENG"]
[Date "2025.04.15"]
[Round "3.1"]
[White "Bunbich, Iaroslav"]
[Black "Raj Konwar, Daryan"]
[Result "0-1"]
[EventDate "2025.04.14"]
[TimeControl "1500+10"]
[WhiteFideId "343416322"]
[BlackFideId "497150"]
[WhiteElo "1358"]
[BlackElo "1024"]
[ECO "A54"]
[Opening "Old Indian Defense"]
[PlyCount "86"]

1. d4 Nf6 2. Nf3 d6 3. c4 Bg4 4. Nc3 Nbd7 5. g3 Bxf3 6. exf3 c5 7. Bg2 cxd4 8. Qxd4 g6 9. O-O Bg7 10. Qd1 Nc5 11. Be3 Rc8 12. Bxc5 Rxc5 13. Qb3 Qc7 14. Nb5 Qb6 15. Rac1 O-O 16. f4 a6 17. Nd4 Qc7 18. Rfd1 d5 19. Rc2 Ne4 20. Ne2 dxc4 21. Qb4 Nd6 22. b3 c3 23. Rdc1 b5 24. Bh3 a5 25. Qa3 b4 26. Qa4 Rd8 27. a3 Qb6 28. axb4 axb4 29. Bg2 Ra5 30. Qc6 Qxc6 31. Bxc6 Nf5 32. Ba4 Rd2 33. Rxd2 cxd2 34. Rd1 Rd5 35. Kf1 Bc3 36. Ng1 Nd4 37. f3 Rd6 38. Kf2 Re6 39. Bb5 Nxb5 40. Ne2 Nd4 41. Nxc3 bxc3 42. b4 Re2+ 43. Kf1 c2 0-1

[Event "RJCC Easter Advanced RR"]
[Site "Twickenham ENG"]
[Date "2025.04.15"]
[Round "3.2"]
[White "Pasli, Bulut"]
[Black "Gampa, Dyuthi Sri"]
[Result "0-1"]
[EventDate "2025.04.14"]
[TimeControl "1500+10"]
[WhiteFideId "343439144"]
[BlackFideId "343460780"]
[WhiteElo "1099"]
[BlackElo "956"]
[ECO "C30"]
[Opening "King's Gambit"]
[PlyCount "158"]

1. e4 e5 2. f4 d6 3. Nf3 Nf6 4. Nc3 Be7 5. Bc4 O-O 6. O-O a6 7. a4 Be6 8. Bb3 Bxb3 9. cxb3 Nc6 10. d4 exd4 11. Nxd4 Nxd4 12. Qxd4 c5 13. Qd1 Qd7 14. h3 b5 15. e5 dxe5 16. Qxd7 Nxd7 17. Nd5 Bh4 18. fxe5 Nxe5 19. Rf4 Bg3 20. Rf5 Rfe8 21. Bf4 Bxf4 22. Rxf4 b4 23. Nc7 Nd3 24. Rf3 Ne5 25. Re3 Rac8 26. Nxe8 Rxe8 27. Rae1 f6 28. Rc1 Rc8 29. g4 a5 30. g5 Nd7 31. Rce1 Ne5 32. gxf6 gxf6 33. Rg3+ Kf7 34. Rg2 Nf3+ 35. Kf1 Nxe1 36. Kxe1 Re8+ 37. Kf1 Rc8 38. Rf2 c4 39. bxc4 Rxc4 40. Rd2 Rc1+ 41. Ke2 b3 42. Rd7+ Kg6 43. Rd3 Rc2+ 44. Rd2 Rxd2+ 45. Kxd2 Kg5 46. Kc3 Kf4 47. Kxb3 Kg3 48. Kc4 f5 49. b4 f4 50. b5 f3 51. b6 f2 52. b7 f1=Q+ 53. Kc5 Qf5+ 54. Kb6 Qe6+ 55. Ka7 Qd7 56. Ka8 Qd8+ 57. Ka7 Kxh3 58. b8=Q Qxb8+ 59. Kxb8 h5 60. Kb7 Kg3 61. Ka6 h4 62. Kxa5 h3 63. Kb6 h2 64. a5 h1=Q 65. a6 Qb1+ 66. Ka7 Kf4 67. Ka8 Ke5 68. a7 Qa2 69. Kb7 Qb3+ 70. Ka8 Qd5+ 71. Kb8 Qd8+ 72. Kb7 Qd7+ 73. Kb8 Qe8+ 74. Kb7 Qb5+ 75. Ka8 Qc6+ 76. Kb8 Qb6+ 77. Ka8 Qd8+ 78. Kb7 Qd7+ 79. Ka8 Qc8# 0-1

[Event "RJCC Easter Advanced RR"]
[Site "Twickenham ENG"]
[Date "2025.04.15"]
[Round "3.3"]
[White "Liu, Anbo"]
[Black "Mursalimov, Timur"]
[Result "1-0"]
[EventDate "2025.04.14"]
[TimeControl "1500+10"]
[WhiteFideId "343425089"]
[WhiteElo "1436"]
[BlackElo "985"]
[ECO "A01"]
[Opening "Nimzo-Larsen Attack"]
[PlyCount "43"]

1. b3 e6 2. Bb2 d5 3. e3 Nc6 4. Bb5 Bd7 5. f4 Nf6 6. Nf3 Bd6 7. d3 O-O 8. Nbd2 a6 9. Bxc6 Bxc6 10. O-O Re8 11. Ne5 Bxe5 12. Bxe5 Qd7 13. Qe1 Ng4 14. Bb2 Qd6 15. Qg3 f5 16. h3 d4 17. Bxd4 e5 18. fxe5 Qb4 19. c3 Qb5 20. hxg4 Qxd3 21. Rad1 Qe4 22. Nxe4 1-0

[Event "RJCC Easter Advanced RR"]
[Site "Twickenham ENG"]
[Date "2025.04.15"]
[Round "4.1"]
[White "Raj Konwar, Daryan"]
[Black "Bunbich, Iaroslav"]
[Result "1-0"]
[EventDate "2025.04.14"]
[TimeControl "1500+10"]
[WhiteFideId "497150"]
[BlackFideId "343416322"]
[WhiteElo "1024"]
[BlackElo "1358"]
[ECO "C11"]
[Opening "French Defense: Steinitz Variation"]
[PlyCount "51"]

1. e4 e6 2. Nc3 d5 3. d4 Nf6 4. e5 Nfd7 5. Nf3 c5 6. Bf4 Nc6 7. Bb5 Qc7 8. Ba4 cxd4 9. Nb5 Qb6 10. O-O Bc5 11. Nd6+ Bxd6 12. exd6 Qxb2 13. Bxc6 bxc6 14. Ne5 c5 15. Nc6 O-O 16. Ne7+ Kh8 17. Qh5 Qxc2 18. Bg3 Nf6 19. Qh4 Qe4 20. f4 Qe3+ 21. Kh1 Ne4 22. Rae1 Nxg3+ 23. hxg3 Qa3 24. Kh2 c4 25. Rh1 Qxd6 26. Qxh7+ 1-0

[Event "RJCC Easter Advanced RR"]
[Site "Twickenham ENG"]
[Date "2025.04.15"]
[Round "4.2"]
[White "Gampa, Dyuthi Sri"]
[Black "Pasli, Bulut"]
[Result "1/2-1/2"]
[EventDate "2025.04.14"]
[TimeControl "1500+10"]
[WhiteFideId "343460780"]
[BlackFideId "343439144"]
[WhiteElo "956"]
[BlackElo "1099"]
[ECO "C44"]
[Opening "Scotch Gambit"]
[PlyCount "64"]

1. e4 e5 2. Nf3 Nc6 3. Bc4 Bc5 4. d4 exd4 5. c3 dxc3 6. Bxf7+ Kxf7 7. Qd5+ Ke8 8. Qxc5 d6 9. Qxc3 Nf6 10. Nbd2 Bg4 11. e5 Qe7 12. Nc4 Rd8 13. O-O Nd5 14. exd6 cxd6 15. Qd2 Bxf3 16. Re1 Ne5 17. Nxe5 dxe5 18. Qd3 Bxg2 19. Qb5+ Rd7 20. Qd3 Qf6 21. Qg3 Bf3 22. Rxe5+ Re7 23. Rxe7+ Nxe7 24. Qb8+ Nc8 25. Qxc8+ Qd8 26. Qe6+ Qe7 27. Qxe7+ Kxe7 28. Bg5+ Kf7 29. Rc1 Re8 30. Kf1 Kg8 31. Rc3 Be2+ 32. Kg1 h6 1/2-1/2

[Event "RJCC Easter Advanced RR"]
[Site "Twickenham ENG"]
[Date "2025.04.15"]
[Round "4.3"]
[White "Mursalimov, Timur"]
[Black "Liu, Anbo"]
[Result "0-1"]
[EventDate "2025.04.14"]
[TimeControl "1500+10"]
[BlackFideId "343425089"]
[WhiteElo "985"]
[BlackElo "1436"]
[ECO "C02"]
[Opening "French Defense: Advance Variation"]
[PlyCount "76"]

1. e4 e6 2. d4 d5 3. e5 c5 4. c3 Nc6 5. Nf3 Qb6 6. Be3 Nh6 7. Qc2 Be7 8. Bd3 Nf5 9. Nbd2 O-O 10. O-O Bd7 11. dxc5 Bxc5 12. Bxc5 Qxc5 13. b4 Qb6 14. c4 Nxb4 15. Qc3 Rac8 16. Rab1 a5 17. a3 Na2 18. Qa1 Qc7 19. Qxa2 dxc4 20. Rfc1 b5 21. a4 Qa7 22. axb5 cxd3 23. b6 Rxc1+ 24. Rxc1 Qxb6 25. Nc4 Qa6 26. Nxa5 Ra8 27. Rb1 h6 28. Ra1 Qb6 29. Ne1 Bb5 30. Qd2 Rxa5 31. Rxa5 Nh4 32. Ra8+ Kh7 33. Nxd3 Qc6 34. f3 Qxa8 35. Qf4 Bxd3 36. Qxh4 Qa7+ 37. Kh1 Qa1+ 38. Qe1 Qxe1# 0-1

[Event "RJCC Easter Advanced RR"]
[Site "Twickenham ENG"]
[Date "2025.04.15"]
[Round "5.1"]
[White "Mursalimov, Timur"]
[Black "Bunbich, Iaroslav"]
[Result "0-1"]
[EventDate "2025.04.14"]
[TimeControl "1500+10"]
[BlackFideId "343416322"]
[WhiteElo "985"]
[BlackElo "1358"]
[ECO "C02"]
[Opening "French Defense: Advance Variation"]
[PlyCount "130"]

1. e4 e6 2. d4 d5 3. e5 c5 4. c3 Nc6 5. Nf3 Qb6 6. Be2 Nge7 7. O-O Nf5 8. dxc5 Bxc5 9. b4 Be7 10. Bf4 O-O 11. b5 Nd8 12. Nbd2 Bc5 13. Qc2 h6 14. Rab1 Bd7 15. a4 Rc8 16. Qa2 Qc7 17. Bd3 Ne7 18. Qc2 Bb6 19. Bh7+ Kh8 20. Nb3 Qxc3 21. Rbc1 Qxc2 22. Bxc2 Ng6 23. Be3 Bxe3 24. fxe3 b6 25. Bxg6 fxg6 26. Rxc8 Bxc8 27. Nh4 Rxf1+ 28. Kxf1 Kh7 29. a5 bxa5 30. Nxa5 Bd7 31. Nf3 Bxb5+ 32. Kf2 Nc6 33. Nxc6 Bxc6 34. Nd4 Bd7 35. Ke2 a5 36. Kd3 g5 37. e4 dxe4+ 38. Kxe4 Kg6 39. g4 Kf7 40. Kd3 g6 41. Kc4 h5 42. h3 Ke7 43. Nb3 a4 44. Nc5 Bc6 45. Kb4 Bg2 46. Kxa4 Bxh3 47. Ne4 Bxg4 48. Nxg5 h4 49. Ne4 h3 50. Ng3 h2 51. Kb3 Bf3 52. Kc3 h1=Q 53. Nxh1 Bxh1 54. Kd3 g5 55. Ke3 g4 56. Kf2 Kf7 57. Kg1 Bf3 58. Kf2 Kg6 59. Kg3 Kf5 60. Kf2 Kxe5 61. Kg3 Kd4 62. Kf2 e5 63. Kg3 Kd3 64. Kf2 Kd2 65. Kf1 e4 0-1

[Event "RJCC Easter Advanced RR"]
[Site "Twickenham ENG"]
[Date "2025.04.17"]
[Round "5.2"]
[White "Gampa, Dyuthi Sri"]
[Black "Liu, Anbo"]
[Result "1-0"]
[EventDate "2025.04.14"]
[TimeControl "1500+10"]
[WhiteFideId "343460780"]
[BlackFideId "343425089"]
[WhiteElo "956"]
[BlackElo "1436"]
[ECO "C02"]
[Opening "French Defense: Advance Variation"]
[PlyCount "45"]

1. e4 e6 2. d4 d5 3. e5 c5 4. c3 Nc6 5. Nf3 Qb6 6. Na3 Nh6 7. c4 cxd4 8. Bxh6 gxh6 9. cxd5 exd5 10. Nb5 Bg4 11. h3 Bxf3 12. Qxf3 Bb4+ 13. Kd1 O-O 14. Qg4+ Kh8 15. a3 Be7 16. e6 fxe6 17. Qxe6 Rxf2 18. Bd3 Bg5 19. h4 Qa5 20. b4 Qa4+ 21. Ke1 Be3 22. Qd7 Nxb4 23. Qxh7# 1-0

[Event "RJCC Easter Advanced RR"]
[Site "Twickenham ENG"]
[Date "2025.04.17"]
[Round "5.3"]
[White "Raj Konwar, Daryan"]
[Black "Pasli, Bulut"]
[Result "1-0"]
[EventDate "2025.04.14"]
[TimeControl "1500+10"]
[WhiteFideId "497150"]
[BlackFideId "343439144"]
[WhiteElo "1024"]
[BlackElo "1099"]
[ECO "C68"]
[Opening "Ruy Lopez: Exchange Variation"]
[PlyCount "57"]

1. e4 e5 2. Nf3 Nc6 3. Bb5 a6 4. Bxc6 dxc6 5. c3 Bd6 6. d4 exd4 7. cxd4 Be7 8. Bf4 Nf6 9. Nc3 Bb4 10. Qc2 O-O 11. O-O Bg4 12. Ne5 Qxd4 13. Kh1 Be6 14. Rad1 Qa7 15. f3 Nh5 16. Bc1 Bxc3 17. Qxc3 Rad8 18. Be3 Qb8 19. Bc5 Rfe8 20. f4 Rxd1 21. Rxd1 Nxf4 22. Qd2 Ng6 23. Nf3 b6 24. Ba3 c5 25. b3 Rf8 26. Bb2 f5 27. Ng5 Bd7 28. Qxd7 fxe4 29. Qxg7# 1-0

[Event "RJCC Easter Advanced RR"]
[Site "Twickenham ENG"]
[Date "2025.04.16"]
[Round "6.1"]
[White "Bunbich, Iaroslav"]
[Black "Mursalimov, Timur"]
[Result "1-0"]
[EventDate "2025.04.14"]
[TimeControl "1500+10"]
[WhiteFideId "343416322"]
[WhiteElo "1358"]
[BlackElo "985"]
[ECO "E12"]
[Opening "Queen's Indian Defense"]
[PlyCount "89"]

1. d4 Nf6 2. Nf3 e6 3. c4 b6 4. Bg5 d5 5. Nc3 Bb4 6. Qb3 c5 7. e3 O-O 8. a3 Bxc3+ 9. bxc3 Nc6 10. Bd3 Ba6 11. Rc1 dxc4 12. Qa4 cxd3 13. Qxa6 e5 14. Qxd3 Re8 15. O-O e4 16. Qb5 exf3 17. Qxc6 fxg2 18. Qxg2 Qd6 19. Bh6 g6 20. h4 Re4 21. Bf4 Qd7 22. Kh1 Rae8 23. Rg1 c4 24. f3 R4e6 25. Be5 Nd5 26. e4 Nf6 27. f4 Rc6 28. d5 Rd6 29. Bxd6 Qxd6 30. e5 Qxd5 31. exf6 Qd3 32. Rgd1 Qf5 33. Rd4 h6 34. Rxc4 Qh5 35. Qg3 Qd5+ 36. Kh2 Qxc4 37. Rg1 Qe2+ 38. Rg2 Qe4 39. h5 Kh7 40. hxg6+ fxg6 41. Qh4 Qd3 42. Qg4 Rc8 43. Qxc8 Qd5 44. Qc7+ Kg8 45. Qg7# 1-0

[Event "RJCC Easter Advanced RR"]
[Site "Twickenham ENG"]
[Date "2025.04.16"]
[Round "6.2"]
[White "Liu, Anbo"]
[Black "Gampa, Dyuthi Sri"]
[Result "1-0"]
[EventDate "2025.04.14"]
[TimeControl "1500+10"]
[WhiteFideId "343425089"]
[BlackFideId "343460780"]
[WhiteElo "1436"]
[BlackElo "956"]
[ECO "A01"]
[Opening "Nimzo-Larsen Attack: Modern Variation"]
[PlyCount "65"]

1. b3 e5 2. Bb2 Nc6 3. e3 d5 4. Bb5 Bd6 5. f4 e4 6. Bxg7 Qh4+ 7. g3 Qe7 8. Bxc6+ bxc6 9. Bxh8 Nf6 10. Bxf6 Qxf6 11. Nc3 Be5 12. fxe5 Qxe5 13. Nge2 a6 14. O-O c5 15. Nf4 d4 16. exd4 cxd4 17. Ncd5 Bb7 18. c4 c6 19. Nb4 a5 20. Nc2 d3 21. Ne3 Qd4 22. Kh1 c5 23. Qh5 O-O-O 24. Nf5 e3+ 25. Kg1 Qe4 26. Nd5 Rxd5 27. cxd5 Bxd5 28. Nd6+ Kd8 29. Nxe4 Bxe4 30. Qh4+ Kc7 31. Qxe4 e2 32. Rxf7+ Kd8 33. Qa8# 1-0

[Event "RJCC Easter Advanced RR"]
[Site "Twickenham ENG"]
[Date "2025.04.16"]
[Round "6.3"]
[White "Pasli, Bulut"]
[Black "Raj Konwar, Daryan"]
[Result "1-0"]
[EventDate "2025.04.14"]
[TimeControl "1500+10"]
[WhiteFideId "343439144"]
[BlackFideId "497150"]
[WhiteElo "1099"]
[BlackElo "1024"]
[ECO "B70"]
[Opening "Sicilian Defense: Dragon Variation"]
[PlyCount "52"]

1. e4 c5 2. Nf3 d6 3. d4 cxd4 4. Nxd4 Nf6 5. Nc3 g6 6. Bc4 Bg7 7. O-O O-O 8. Bg5 Nbd7 9. h3 Nc5 10. Re1 a6 11. a3 b5 12. Bxf6 exf6 13. Bd5 Rb8 14. b4 Nd7 15. Nc6 Qb6 16. Nxb8 Nxb8 17. Bb3 f5 18. Nd5 Qc6 19. Ne7+ Kh8 20. Nxc6 Nxc6 21. exf5 Bxf5 22. Rb1 Nd4 23. Re3 h6 24. Rb2 Rc8 25. c3 Ne6 26. Bxe6 fxe6 1-0

[Event "RJCC Easter Advanced RR"]
[Site "Twickenham ENG"]
[Date "2025.04.16"]
[Round "7.1"]
[White "Bunbich, Iaroslav"]
[Black "Pasli, Bulut"]
[Result "1-0"]
[EventDate "2025.04.14"]
[TimeControl "1500+10"]
[WhiteFideId "343416322"]
[BlackFideId "343439144"]
[WhiteElo "1358"]
[BlackElo "1099"]
[ECO "D02"]
[Opening "Chigorin's Defence"]
[PlyCount "85"]

1. d4 d5 2. Nf3 Nc6 3. c4 e6 4. Nc3 Nf6 5. Bg5 Be7 6. cxd5 exd5 7. e3 h6 8. Bxf6 Bxf6 9. Qb3 Be6 10. Qxb7 Na5 11. Bb5+ c6 12. Bxc6+ Nxc6 13. Qxc6+ Bd7 14. Qxd5 O-O 15. O-O Rb8 16. b3 Rb6 17. Ne5 Bxe5 18. Qxe5 Rg6 19. Qh5 Bg4 20. Qd5 Qf6 21. Ne4 Qh4 22. Ng3 Be6 23. Qh5 Qxh5 24. Nxh5 Bh3 25. Nf4 Bf5 26. Nxg6 Bxg6 27. Rac1 a5 28. h3 Re8 29. a3 Rb8 30. Rc3 Be4 31. Rfc1 Bb7 32. b4 axb4 33. axb4 Ba6 34. Rc6 Bb7 35. Rb6 Kf8 36. Rc7 Ra8 37. Rbxb7 Kg8 38. Rxf7 Ra1+ 39. Kh2 Rb1 40. Rxg7+ Kf8 41. Rh7 Kg8 42. Rhc7 Rxb4 43. Rc8# 1-0

[Event "RJCC Easter Advanced RR"]
[Site "Twickenham ENG"]
[Date "2025.04.16"]
[Round "7.2"]
[White "Liu, Anbo"]
[Black "Raj Konwar, Daryan"]
[Result "0-1"]
[EventDate "2025.04.14"]
[TimeControl "1500+10"]
[WhiteFideId "343425089"]
[BlackFideId "497150"]
[BlackElo "1024"]
[WhiteElo "1436"]
[ECO "A01"]
[Opening "Nimzo-Larsen Attack"]
[PlyCount "50"]

1. b3 c5 2. e3 e6 3. Bb2 Nf6 4. f4 d5 5. Nf3 Bd6 6. Ne5 Nbd7 7. Bb5 O-O 8. d3 Qa5+ 9. Nc3 d4 10. Nc4 Qc7 11. Ne2 dxe3 12. O-O Be7 13. Bxd7 Bxd7 14. Nxe3 Bc6 15. Nc4 Nd5 16. Be5 Qd7 17. Ng3 b5 18. Qg4 f6 19. Nh5 g6 20. Bxf6 Bxf6 21. Ne5 Bxe5 22. fxe5 Ne3 23. Rxf8+ Rxf8 24. Qe2 Nxc2 25. Qxc2 Qd4+ 0-1

[Event "RJCC Easter Advanced RR"]
[Site "Twickenham ENG"]
[Date "2025.04.16"]
[Round "7.3"]
[White "Mursalimov, Timur"]
[Black "Gampa, Dyuthi Sri"]
[Result "0-1"]
[EventDate "2025.04.14"]
[TimeControl "1500+10"]
[BlackFideId "343460780"]
[WhiteElo "985"]
[BlackElo "956"]
[ECO "C54"]
[Opening "Italian Game"]
[PlyCount "84"]

1. e4 e5 2. Nf3 Nc6 3. Bc4 Nf6 4. d3 h6 5. O-O Bc5 6. c3 d6 7. d4 exd4 8. cxd4 Bb6 9. Nc3 O-O 10. d5 Ne7 11. Bf4 c6 12. dxc6 bxc6 13. Bxd6 Re8 14. e5 Nh7 15. Nh4 Nd5 16. Nxd5 cxd5 17. Bxd5 Qxh4 18. Bxa8 Bg4 19. Qd5 Be6 20. Qc6 Rc8 21. Be7 Qf4 22. Qb7 Rc7 23. Qa6 Qxe5 24. Bd8 Bc4 25. Bxc7 Bxc7 26. Qc8+ Nf8 27. g3 Bxf1 28. Rxf1 Bb6 29. b3 Qb2 30. Kh1 Qe2 31. Kg2 Qxa2 32. Re1 Qxf2+ 33. Kh3 Qxe1 34. Bd5 Qf1+ 35. Kh4 g5+ 36. Kh5 Qf6 37. Be4 Qe6 38. Qxe6 Nxe6 39. Kxh6 Bg1 40. h3 Bf2 41. g4 Nd4 42. Bd5 Be3 0-1

[Event "RJCC Easter Advanced RR"]
[Site "Twickenham ENG"]
[Date "2025.04.16"]
[Round "8.1"]
[White "Pasli, Bulut"]
[Black "Bunbich, Iaroslav"]
[Result "0-1"]
[EventDate "2025.04.14"]
[TimeControl "1500+10"]
[WhiteFideId "343439144"]
[BlackFideId "343416322"]
[WhiteElo "1099"]
[BlackElo "1358"]
[ECO "C02"]
[Opening "French Defense: Advance Variation"]
[PlyCount "54"]

1. e4 e6 2. d4 d5 3. e5 c5 4. Nf3 Nc6 5. Bb5 Qb6 6. Nc3 Ne7 7. O-O Bd7 8. a3 a6 9. Ba4 Nf5 10. dxc5 Bxc5 11. b4 Be7 12. Ne2 Qc7 13. Bxc6 bxc6 14. Bf4 Rc8 15. Ned4 Nxd4 16. Nxd4 c5 17. bxc5 Bxc5 18. c3 O-O 19. Qg4 Kh8 20. Nf3 Be7 21. Bg5 Bxg5 22. Nxg5 h6 23. Qh5 Kg8 24. Nf3 Qxc3 25. Rfc1 Qxc1+ 26. Rxc1 Rxc1+ 27. Ne1 Rxe1# 0-1

[Event "RJCC Easter Advanced RR"]
[Site "Twickenham ENG"]
[Date "2025.04.16"]
[Round "8.2"]
[White "Raj Konwar, Daryan"]
[Black "Liu, Anbo"]
[Result "1-0"]
[EventDate "2025.04.14"]
[TimeControl "1500+10"]
[WhiteFideId "497150"]
[BlackFideId "343425089"]
[WhiteElo "1024"]
[BlackElo "1436"]
[ECO "C01"]
[Opening "French Defense: Exchange Variation"]
[PlyCount "57"]

1. e4 e6 2. Nc3 d5 3. exd5 exd5 4. d4 Nf6 5. Bf4 Bd6 6. Bg3 Bf5 7. Nf3 O-O 8. Be2 c6 9. Ne5 Qc7 10. O-O Nbd7 11. Nxd7 Nxd7 12. Bf3 Nf6 13. Re1 Rfe8 14. Qd2 Rad8 15. Rac1 Bg4 16. Bxg4 Nxg4 17. h3 Nf6 18. Be5 Nd7 19. f4 Nxe5 20. fxe5 Bb4 21. Re3 Qa5 22. Rg3 Be7 23. Rf1 Qc7 24. Qh6 Bf8 25. Qf4 Re6 26. Nd1 c5 27. Rgf3 Rd7 28. Qf5 Re8 29. e6 1-0

[Event "RJCC Easter Advanced RR"]
[Site "Twickenham ENG"]
[Date "2025.04.16"]
[Round "8.3"]
[White "Gampa, Dyuthi Sri"]
[Black "Mursalimov, Timur"]
[Result "1-0"]
[EventDate "2025.04.14"]
[TimeControl "1500+10"]
[WhiteFideId "343460780"]
[WhiteElo "956"]
[BlackElo "985"]
[ECO "C02"]
[Opening "French Defense: Advance Variation"]
[PlyCount "61"]

1. e4 e6 2. d4 d5 3. e5 c5 4. c3 Nc6 5. Nf3 Qb6 6. Be2 Bd7 7. O-O Nge7 8. Bd2 cxd4 9. cxd4 Nxd4 10. Nxd4 Qxd4 11. Bc3 Qxd1 12. Rxd1 Nc6 13. Na3 Bc5 14. Nb5 O-O 15. a3 d4 16. Nxd4 Nxe5 17. Bb4 Bxb4 18. axb4 Rac8 19. Rxa7 Rc4 20. Bxc4 Nxc4 21. Rxb7 Ba4 22. Ra1 Nxb2 23. Rc1 Nd3 24. Rcc7 Rd8 25. Nxe6 Re8 26. Rxf7 Rxe6 27. Rxg7+ Kf8 28. h3 Bc6 29. Rbc7 Nxb4 30. Rxh7 Nd5 31. Rh8# 1-0

[Event "RJCC Easter Advanced RR"]
[Site "Twickenham ENG"]
[Date "2025.04.17"]
[Round "9.1"]
[White "Gampa, Dyuthi Sri"]
[Black "Bunbich, Iaroslav"]
[Result "0-1"]
[EventDate "2025.04.14"]
[TimeControl "1500+10"]
[WhiteFideId "343460780"]
[BlackFideId "343416322"]
[WhiteElo "956"]
[BlackElo "1358"]
[ECO "C01"]
[Opening "French Defense: Exchange Variation"]
[PlyCount "84"]

1. e4 e6 2. d4 d5 3. exd5 exd5 4. Nf3 Nf6 5. Be2 Be6 6. O-O Nbd7 7. Be3 c6 8. Nc3 Bd6 9. Bd3 O-O 10. a3 Qb6 11. Na4 Qa5 12. Nc3 Qb6 13. b4 a5 14. Na4 Qc7 15. b5 Rab8 16. b6 Nxb6 17. Nxb6 Qxb6 18. Be2 Qc7 19. a4 h6 20. Rc1 b5 21. axb5 cxb5 22. Qd2 Ne4 23. Qd1 Bb4 24. Nd2 Nc3 25. Qe1 Ba3 26. Ra1 Bb2 27. Bd3 Bxa1 28. Qxa1 a4 29. Nb1 Rfc8 30. Nxc3 Qxc3 31. Qd1 b4 32. Bd2 Qxd4 33. Bxh6 Qf6 34. Be3 b3 35. cxb3 axb3 36. Qd2 b2 37. Bg5 Qc3 38. Qxc3 Rxc3 39. Bf4 Rb7 40. Ba6 b1=Q 41. Bxb7 Qxb7 42. h3 Qd7 0-1